 Dungeon Crawl Stone Soup version 0.19.5 (webtiles) character file.

630 Nikta the Covert (level 7, -2/35 HPs)
             Began as a Spriggan Assassin on Mar 14, 2017.
             Was an Initiate of Dithmenos.
             Splashed by a jelly's acid (6 damage)
             ... on level 5 of the Dungeon.
             The game lasted 00:08:47 (1374 turns).

Nikta the Covert (Spriggan Assassin)                Turns: 1374, Time: 00:08:48

Health: -2/35      AC: -1    Str:  7    XL:     7   Next: 24%
Magic:  8/8        EV: 19    Int: 12    God:    Dithmenos [......]
Gold:   44         SH:  0    Dex: 20    Spells: 0 memorised, 6 levels left

rFire  . . .     SeeInvis +     a - +2 dagger
rCold  . . .     Gourm    .     c - +0 robe
rNeg   . . .     Faith    .     (shield restricted)
rPois  .         Spirit   .     (helmet restricted)
rElec  .         Reflect  .     d - +0 cloak
rCorr  .         Harm     .     (gloves unavailable)
MR     +....                    (boots unavailable)
Stlth  ++++......               (no amulet)
                                (no ring)
                                (no ring)

@: corroded, very quick
A: unfitting armour, see invisible, herbivore 3, speed 3, slow metabolism 2
a: Renounce Religion


You were on level 5 of the Dungeon.
You worshipped Dithmenos.
Dithmenos was noncommittal.
You were not hungry.

You visited 2 branches of the dungeon, and saw 6 of its levels.

You collected 44 gold pieces.

Inventory:

Hand Weapons
 a - a +2 dagger (weapon)
 b - a +0 blowgun
Missiles
 e - 12 poisoned needles
 f - 2 curare-tipped needles
Armour
 c - a +0 robe (worn)
 d - a +0 cloak (worn)
Jewellery
 o - an uncursed ring of ice
Scrolls
 h - a scroll of random uselessness {unknown}
 j - a scroll of fear {unknown}
 m - 4 scrolls of identify {unknown}
 p - a scroll of enchant armour {unknown}
Potions
 k - 4 potions of agility {unknown}
 l - a potion of brilliance {unknown}
 n - a potion of resistance {unknown}
Comestibles
 g - 2 bread rations
 i - a royal jelly


   Skills:
 + Level 2.9 Fighting
 * Level 5.3 Short Blades
 + Level 3.4 Throwing
 + Level 3.8 Dodging
 * Level 8.7 Stealth


You had 6 spell levels left.
You didn't know any spells.

Dungeon Overview and Level Annotations

Branches:
Dungeon (5/15)             Temple (1/1) D:4

Altars:
Ashenzari
Dithmenos
Fedhas
Hepliaklqana
Makhleb
Yredelemnul
The Shining One

Shops:
D:5 *[%(


Innate Abilities, Weirdness & Mutations

You are very small and have problems with some larger weapons.
You are too small for most types of armour.
You have supernaturally acute eyesight. (SInv)
You are a herbivore.
You cover ground extremely quickly.
You need consume almost no food.


Message History

Dithmenos accepts your kill.
The jelly quivers.
You hit the jelly.
Your hands burn!
The jelly is moderately wounded.
The jelly hits you but does no damage.
You hit the jelly. The acid corrodes you!
Your hands burn!
The jelly is heavily wounded.
The jelly hits you.
You are splashed with acid!
The acid burns!
You hit the jelly.
Your hands burn!
The jelly is heavily wounded.
You see here a scroll labeled ANIPUUTUFY.
m - 4 scrolls labeled ANIPUUTUFY (gained 1)
The jelly hits you.
You are splashed with acid!
The acid burns!
You hit the jelly but do no damage.
Your hands burn!
* * * LOW HITPOINT WARNING * * *
The jelly is heavily wounded.
The jelly hits you.
* * * LOW HITPOINT WARNING * * *
You are splashed with acid!
The acid burns!
You die...

....##.♣.♣.♣.♣.##.###..###..#...#
...###..⌠.∩.⌠...........#.......#
#..# #.♣.♣.♣.♣...####....#####.##
##.# #............# ###.## #.
#..##.###.##.....# ##.# ##
##.##...#........# #.## ##.#
.#..........#..####.# #...
...........#...##..# ....
.............@..##..###.. #
..........J...........# #
.....................## #
....$..............### ##
...................# ...
...............#.....# ....
..............>#..#... ....
......$...........#.... ....
..##............... ... Z...


You could see a jelly.

Vanquished Creatures
  Grinder (D:4)
  A phantom (D:5)
  An ogre (D:5)
  A centaur (D:5)
  A centaur zombie (D:5)
  3 hounds
  A hound skeleton (D:5)
  2 adders
  A dart slug (D:4)
  A leopard gecko (D:3)
  An orc (D:5)
  A ball python (D:1)
  3 bats
  2 giant cockroaches
  A goblin (D:1)
  3 hobgoblins (D:2)
  5 quokkas
  A kobold (D:1)
  A rat (D:2)
31 creatures vanquished.

Notes
Turn   | Place    | Note
-------+----------+-------------------------------------------
     0 | D:1      | Nikta the Spriggan Assassin began the quest for the Orb.
     0 | D:1      | Reached XP level 1. HP: 10/10 MP: 2/2
   164 | D:2      | Reached skill level 6 in Stealth
   227 | D:3      | Noticed an orc priest
   350 | D:2      | Reached XP level 2. HP: 14/15 MP: 3/3
   404 | D:4      | Reached XP level 3. HP: 18/18 MP: 4/4
   421 | D:4      | Found a hazy altar of Hepliaklqana.
   455 | D:4      | Found a staircase to the Ecumenical Temple.
   462 | Temple   | Entered the Ecumenical Temple
   501 | Temple   | Became a worshipper of Dithmenos the Shadowed
   559 | D:5      | Entered Level 5 of the Dungeon
   611 | D:4      | Noticed Grinder
   616 | D:4      | Killed Grinder
   616 | D:4      | Reached skill level 7 in Stealth
   616 | D:4      | Reached XP level 4. HP: 23/23 MP: 5/5
   616 | D:4      | Reached XP level 5. HP: 27/27 MP: 6/6
   704 | D:1      | Reached XP level 6. HP: 32/32 MP: 7/7
   926 | D:4      | Found a blossoming altar of Fedhas.
  1041 | D:5      | Reached skill level 8 in Stealth
  1179 | D:5      | Reached skill level 5 in Short Blades
  1189 | D:5      | Found Nuocisodgh's Antique Armour Shop.
  1191 | D:5      | Found Gadog's Assorted Antiques.
  1193 | D:5      | Found Boimiar's Weapon Shop.
  1195 | D:5      | Found Uvoetsur's Food Shop.
  1215 | D:5      | Reached XP level 7. HP: 35/35 MP: 8/8
  1374 | D:5      | Splashed by a jelly's acid

Skill      XL: |  1  2  3  4  5  6 |
---------------+-------------------+-----
Stealth        | 6 7 8 |  8.7
Fighting       | 2 |  2.9
Short Blades   | 4 5 |  5.3
Throwing       | 3 |  3.4
Dodging        | 3 |  3.8

Action                   |  1- 3 |  4- 6 |  7- 9 || total
-------------------------+-------+-------+-------++-------
Melee: Dagger            |    22 |    32 |     6 ||    60
 Fire: Blowgun           |     1 |     6 |       ||     7
 Stab: Sleeping          |     8 |     9 |     2 ||    19
Armor: Robe              |     4 |     1 |     1 ||     6
Dodge: Dodged            |    24 |    12 |       ||    36
